Workbook

Sheet PO
B1: PREFEITURA MUNICIPAL DE JOÃO NEIVA | F1: Consultoria:
B2: PLANILHA DE QUANTIDADES E PREÇOS UNITÁRIOS
B3: OBRA: BAIRRO IZIDORO DE NARDI
B4: LOCAL: JOÃO NEIVA-ES
B5: ORÇAMENTISTA: KLEBER PEREIRA MACHADO - CREA: ES-7839/D ATUALIZAÇÃO : JEFTER DOS SANTOS LADISLAU - CREA: ES-0043139/D Encargos Sociais 128,33% | E5: DATA-BASE: | F5: 43374 | G5: BDI: | H5: 0.2963
A6: Item | B6: Código | C6: Órgão | D6: DESCRIÇÃO SERVIÇO | E6: Unid. | F6: Quant. | G6: R$ Custo
G7: Unitário | H7: Total
A8: 01 | D8: CANTEIRO DE OBRAS
A9: 01.01 | B9: 41498 | C9: DER-ES | D9: Barracão com sanitário, em chapa compensada 12 mm e pont. 8x8cm, piso cimentado e cobertura em telha de fibroc. 6mm, incl. ponto de luz e cx. inspeção | E9: M2 | F9: =mc!P11 -> 14.5 | G9: 464.18 | H9: =ROUND(F9*G9,2) -> 6730.61
A10: 01.02 | B10: 41528 | C10: DER-ES | D10: Galpão em peças de madeira 8x8cm e contravent. de 5x7cm, cobertura de telhas de fibroc. de 6mm, incl. ponto e cabo de alimentação da máquina | E10: M2 | F10: =mc!P15 -> 77.4 | G10: 164.7 | H10: =ROUND(F10*G10,2) -> 12747.78
A11: 01.03 | B11: 41501 | C11: DER-ES | D11: Rede de água c/ padrão de entrada d'água diâm. 3/4" conf. CESAN, incl. tubos e conexões p/ aliment., distrib., extravas. e limp., cons. o padrão a 25m | E11: M | F11: =mc!P19 -> 25 | G11: 36.69 | H11: =ROUND(F11*G11,2) -> 917.25
A12: 01.04 | B12: 41499 | C12: DER-ES | D12: Rede de esgoto, contendo fossa e filtro, incl. tubos e conexões de ligação entre caixas, considerando distância de 25m | E12: M | F12: =mc!P23 -> 25 | G12: 306.09 | H12: =ROUND(F12*G12,2) -> 7652.25
A13: 01.05 | B13: 41503 | C13: DER-ES | D13: Rede de luz, incl. padrão entr. energia trifás. cabo ligação até barracões, quadro distrib., disj. e chave de força, cons. 20m entre padrão entr.e QDG | E13: M | F13: =mc!P27 -> 20 | G13: 443.56 | H13: =ROUND(F13*G13,2) -> 8871.2
A14: 01.06 | B14: 41527 | C14: DER-ES | D14: Reservatório de fibra de vidro de 1000 L, incl. suporte em madeira de 7x12cm, elevado de 4m | E14: Ud | F14: =mc!P31 -> 1 | G14: 1855.18 | H14: =ROUND(F14*G14,2) -> 1855.18
D15: SUB-TOTAL 01 | H15: =SUM(H9:H14) -> 38774.27
A17: 02 | D17: SERVIÇOS PRELIMINARES
A18: 02.01 | B18: 41500 | C18: DER-ES | D18: Placa de obra nas dimensões de 2.0 x 4.0 m, PADRÃO SEDURB | E18: m² | F18: 8 | G18: 274.76 | H18: =ROUND(F18*G18,2) -> 2198.08
A19: 02.02 | B19: 010512 | C19: IOPES | D19: Equipe topográfica para serviços simples de locação e nivelamento (incluindo equipamento, transporte e profissionais nivel médio) ( Datra base set/ 2019 atualizado incc out/ 2019) | E19: mês | F19: 1 | G19: =(17041.09/1.309)*1.2963 -> 16875.756 | H19: =ROUND(F19*G19,2) -> 16875.76
D20: SUB-TOTAL 02 | H20: =SUM(H18:H19) -> 19073.84
A22: 03 | D22: TERRAPLENAGEM
A23: 03.01 | B23: 42578 | C23: DER-ES | D23: Escavação e carga de material de 1ª categoria com escavadeira em Vias Urbanas | E23: m³ | F23: 822.03 | G23: 3.72 | H23: =ROUND(F23*G23,2) -> 3057.95
A24: 03.02 | B24: 42515 | C24: DER-ES | D24: Compactação de aterros 100% PN em Vias Urbanas | E24: m³ | F24: 116.43 | G24: 5.92 | H24: =ROUND(F24*G24,2) -> 689.27
A25: 03.03 | B25: 60010 | C25: DER-ES | D25: Transporte Local de Materiais (TR-101-01) (Vias urbanas - Caminhão basculante (0,665XP + 0,692XR + 2,771, XR=5KM) | E25: t | F25: 1128.96 | G25: =0.692*5+2.771 -> 6.231 | H25: =ROUND(F25*G25,2) -> 7034.55
D26: SUB-TOTAL 03 | H26: =SUM(H23:H25) -> 10781.77
A28: 04 | D28: DRENAGEM
A29: 04.01 | B29: 42759 | C29: DER-ES | D29: Corpo BSTC (greide) diâmetro 0,40 m CA-2 MF inclusive escavação, reaterro e transporte do tubo em Vias Urbanas | E29: m | F29: 333 | G29: 199.07 | H29: =ROUND(F29*G29,2) -> 66290.31
A30: 04.02 | B30: 42756 | C30: DER-ES | D30: Corpo BSTC (greide) diâmetro 0,30 m CA-1 MF inclusive escavação, reaterro e transporte do tubo em Vias Urbanas | E30: m | F30: 60 | G30: 143.72 | H30: =ROUND(F30*G30,2) -> 8623.2
A31: 04.03 | B31: 43046 | C31: DER-ES | D31: Poço de Visita para BSTC diâm. 0,40 m em blocos de concreto, em Vias Urbanas | E31: und | F31: 13 | G31: 1545.15 | H31: =ROUND(F31*G31,2) -> 20086.95
A32: 04.04 | B32: 43047 | C32: DER-ES | D32: Poço de Visita para BSTC diâm. 0,60 m em blocos de concreto, em Vias Urbanas | E32: und | F32: 1 | G32: 1959.18 | H32: =ROUND(F32*G32,2) -> 1959.18
A33: 04.05 | C33: DRE-01 | D33: Trincheira drenante em concreto armado , incluíndo Grelha em ferro fundido , escavação e reaterro | E33: m | F33: 43 | G33: ='DRE-01'!I37 -> 1256.741 | H33: =ROUND(F33*G33,2) -> 54039.86
A34: 04.06 | B34: 41241 | C34: DER-ES | D34: Caixa ralo em blocos pré-moldados e grelha articulada em FFA em Vias Urbanas | E34: und | F34: 13 | G34: 1404.54 | H34: =ROUND(F34*G34,2) -> 18259.02
A35: 04.07 | B35: 40530 | C35: DER-ES | D35: Boca de concreto ciclópico para BSTC diâmetro 0,60 m | E35: und | F35: 2 | G35: 1174.9 | H35: =ROUND(F35*G35,2) -> 2349.8
D36: SUB-TOTAL - 04 | H36: =SUM(H29:H35) -> 171608.32
A38: 05 | D38: PAVIMENTAÇÃO
A39: 05.01 | B39: 40754 | C39: DER-ES | D39: Regularização e compactação do sub-leito (100% P.I.) H = 0,20 m | E39: m² | F39: 3248.1 | G39: 1.25 | H39: =ROUND(F39*G39,2) -> 4060.13
A40: 05.02 | B40: 42507 | C40: DER-ES | D40: Remoção de meio fio em Vias Urbanas | E40: m | F40: 579.72 | G40: 24.73 | H40: =ROUND(F40*G40,2) -> 14336.48
A41: 05.03 | B41: 43018 | C41: DER-ES | D41: Meio fio de concreto pré-moldado (12 x 30 x 15) cm, inclusive caiação e transporte do meio fio em Vias Urbanas | E41: m | F41: 1120.17 | G41: 57.29 | H41: =ROUND(F41*G41,2) -> 64174.54
A42: 05.04 | B42: 42499 | C42: DER-ES | D42: Pavimentação com blocos de concreto H->08cm, colchão areia 5cm, inclusive transporte dos blocos e areia, em Vias Urbanas | E42: m² | F42: 3198.7 | G42: 92.65 | H42: =ROUND(F42*G42,2) -> 296359.56
A43: 05.05 | B43: 41240 | C43: DER-ES | D43: Passeio em concreto, largura 2,00m, acabamento em ladrilho hidráulico podotátil (L=0,40m) | E43: m² | F43: 990.23 | G43: 86.81 | H43: =ROUND(F43*G43,2) -> 85961.87
A44: 05.06 | B44: 040903 | C44: IOPES | D44: MURO DE ARRIMO (Conc. ciclópico 15MPa c/ 30% de pedra de mão, c/ forn., preparo e aplicação de concreto, forma de tábua pinho-reap.5 vezes, exclusive escav. e reaterro) seções tipicas nas seguintes dimensões: b=0.40m; B=1.05m e H=2.00m ( Datra base set/ 2019 atualizado incc out/ 2019) | E44: m | F44: 52 | G44: =(1397.5/1.309)*1.2963 -> 1383.9414 | H44: =ROUND(F44*G44,2) -> 71964.95
D45: SUB-TOTAL - 05 | H45: =SUM(H39:H44) -> 536857.53
A47: 06 | D47: SINALIZAÇÃO
A48: 06.01 | B48: 40937 | C48: DER-ES | D48: Sinalização vertical com chapa em esmalte sintético | E48: m² | F48: 4.1 | G48: 454.52 | H48: =ROUND(F48*G48,2) -> 1863.53
D49: SUB-TOTAL - 06 | H49: =H48 -> 1863.53
A51: TOTAL GERAL | H51: =SUM(H9:H49)/2 -> 778959.26

Sheet mc
B1: PREFEITURA MUNICIPAL DE JOÃO NEIVA | L1: Consultoria:
B2: PLANILHA DE QUANTIDADES E PREÇOS UNITÁRIOS
B3: OBRA: BAIRRO IZIDORO DE NARDI
B4: LOCAL: JOÃO NEIVA-ES
B5: ORÇAMENTISTA: KLEBER PEREIRA MACHADO - CREA: ES-7839/D ATUALIZAÇÃO : JEFTER DOS SANTOS LADISLAU - CREA: ES-0043139/D
A6: CÓD. | B6: DISCRIMINAÇÃO | C6: LOCALIZAÇÃO (Estaca) | I6: POS. | J6: QUANT. | K6: EXT. | L6: LARG. | M6: PROF. | N6: ÁREA | O6: VOLUME | P6: TOTAL | Q6: UNID.
C7: Inicial | F7: Final | K7: (m) | L7: (m) | M7: (m) | N7: (m²) | O7: (m³)
A8: 1 | B8: SERVIÇOS PRELIMINARES
A9: 01.01 | B9: Barracão com sanitário, em chapa compensada 12 mm e pont. 8x8cm, piso cimentado e cobertura em telha de fibroc. 6mm, incl. ponto de luz e cx. Inspeção
J10: 1 | N10: 14.5 | P10: =N10 -> 14.5
B11: QUANTIDADE | P11: =P10 -> 14.5 | Q11: m²
A13: 01.02 | B13: Galpão em peças de madeira 8x8cm e contravent. de 5x7cm, cobertura de telhas de fibroc. de 6mm, incl. ponto e cabo de alimentação da máquina
J14: 1 | N14: 77.4 | P14: =N14 -> 77.4
B15: QUANTIDADE | P15: =P14 -> 77.4 | Q15: m²
A17: 01.03 | B17: Rede de água c/ padrão de entrada d'água diâm. 3/4" conf. CESAN, incl. tubos e conexões p/ aliment., distrib., extravas. e limp., cons. o padrão a 25m
J18: 1 | P18: 25
B19: QUANTIDADE | P19: =P18 -> 25 | Q19: m²
A21: 01.04 | B21: Rede de esgoto, contendo fossa e filtro, incl. tubos e conexões de ligação entre caixas, considerando distância de 25m
J22: 1 | P22: 25
B23: QUANTIDADE | P23: =P22 -> 25 | Q23: m²
A25: 01.05 | B25: Rede de luz, incl. padrão entr. energia trifás. cabo ligação até barracões, quadro distrib., disj. e chave de força, cons. 20m entre padrão entr.e QDG
J26: 1 | P26: 20
B27: QUANTIDADE | P27: =P26 -> 20 | Q27: m²
A29: 01.06 | B29: Reservatório de fibra de vidro de 1000 L, incl. suporte em madeira de 7x12cm, elevado de 4m
J30: 1 | M30: 1 | P30: 1
B31: QUANTIDADE | P31: =P30 -> 1 | Q31: m²
A33: 2 | B33: SERVIÇOS PRELIMINARES
A34: 02.01 | B34: Placa de obra nas dimensões de 2.0 x 4.0 m, PADRÃO SEDURB
J35: 1 | K35: 2 | L35: 4 | P35: 8
B36: QUANTIDADE | P36: 8 | Q36: m²
A38: 02.02 | B38: Equipe de Topografia ( Mão de Obra )
B39: Inicio da Obra | J39: 0.5 | P39: 0.5
B40: Final da Obra | J40: 0.5 | P40: 0.5
B41: QUANTIDADE | P41: 1 | Q41: mês
A43: 3 | B43: TERRAPLENAGEM
A44: 03.01 | B44: Escavação e carga de material de 1ª categoria com escavadeira em Vias Urbanas
B45: Rua Azaléias | C45: 0 | D45: + | E45: 0 | F45: 16 | G45: + | H45: 6 | K45: 326 | L45: 6 | O45: 321.52 | P45: 321.52
B46: Rua A | C46: 100 | D46: + | E46: 0 | F46: 102 | G46: + | H46: 11 | K46: 51 | L46: 3 | O46: 254.81 | P46: 254.81
B47: Rua B | C47: 200 | D47: + | E47: 16 | F47: 203 | G47: + | H47: 11.6 | K47: 55.6 | L47: 6 | O47: 68.16 | P47: 68.16
B48: Rua Jasmin | C48: 300 | D48: + | E48: 0 | F48: 301 | G48: + | H48: 10 | K48: 30 | L48: 6 | O48: 50.06 | P48: 50.06
B49: Rua Girassol | C49: 400 | D49: + | E49: 0 | F49: 401 | G49: + | H49: 10 | K49: 30 | L49: 6 | O49: 36.4 | P49: 36.4
B50: Rua Alecrim | C50: 500 | D50: + | E50: 0 | F50: 501 | G50: + | H50: 13 | K50: 33 | L50: 6 | O50: 28.12 | P50: 28.12
B51: Rua Gloriosa | C51: 600 | D51: + | E51: 0 | F51: 601 | G51: + | H51: 12 | K51: 32 | L51: 6 | O51: 25.94 | P51: 25.94
B52: Rua C | C52: 700 | D52: + | E52: 3 | F52: 701 | G52: + | H52: 4 | K52: 21 | L52: 5.5 | O52: 37.02 | P52: 37.02
B53: QUANTIDADE | P53: 822.03 | Q53: m³
A55: 03.02 | B55: Compactação de aterros 100% PN em Vias Urbanas
B56: Rua Azaléias | C56: 0 | D56: + | E56: 0 | F56: 16 | G56: + | H56: 6 | K56: 326 | L56: 6 | O56: 42.45 | P56: 42.45
B57: Rua A | C57: 100 | D57: + | E57: 0 | F57: 102 | G57: + | H57: 11 | K57: 51 | L57: 3 | O57: 6.12 | P57: 6.12
B58: Rua B | C58: 200 | D58: + | E58: 16 | F58: 203 | G58: + | H58: 11.6 | K58: 55.6 | L58: 6 | O58: 2.87 | P58: 2.87
B59: Rua Jasmin | C59: 300 | D59: + | E59: 0 | F59: 301 | G59: + | H59: 10 | K59: 30 | L59: 6 | O59: 18.14 | P59: 18.14
B60: Rua Girassol | C60: 400 | D60: + | E60: 0 | F60: 401 | G60: + | H60: 10 | K60: 30 | L60: 6 | O60: 39.22 | P60: 39.22
B61: Rua Alecrim | C61: 500 | D61: + | E61: 0 | F61: 501 | G61: + | H61: 13 | K61: 33 | L61: 6 | O61: 5.17 | P61: 5.17
B62: Rua Gloriosa | C62: 600 | D62: + | E62: 0 | F62: 601 | G62: + | H62: 12 | K62: 32 | L62: 6 | O62: 2.1 | P62: 2.1
B63: Rua C | C63: 700 | D63: + | E63: 3 | F63: 701 | G63: + | H63: 4 | K63: 21 | L63: 5.5 | O63: 0.36 | P63: 0.36
B64: QUANTIDADE | P64: 116.43 | Q64: m³
A66: 03.03 | B66: Transporte Local de Materiais (TR-101-01) (Vias urbanas - Caminhão basculante (0,744XP+0,993XR+1,241, XR=5KM) | M66: DMT(km) | N66: t/m³
B67: bota-fora na pedreira na Rodovia Pedro Nolasco | M67: 5 | N67: 1.6 | O67: 705.6 | P67: 1128.96
B68: QUANTIDADE | P68: 1128.96 | Q68: t
A70: 4 | B70: DRENAGEM
A71: 04.01 | B71: Corpo BSTC (greide) diâmetro 0,40 m CA-2 MF inclusive escavação, reaterro e transporte do tubo em Vias Urbanas
B72: Rua Azaléias | C72: 0 | D72: + | E72: 0 | F72: 1 | G72: + | H72: 6 | K72: 26 | P72: 26
B73: Rua Azaléias | C73: 1 | D73: + | E73: 6 | F73: 1 | G73: + | H73: 12 | K73: 6 | P73: 6
B74: Rua Azaléias | C74: 1 | D74: + | E74: 12 | F74: 2 | G74: + | H74: 19 | K74: 27 | P74: 27
B75: Rua Azaléias | C75: 2 | D75: + | E75: 19 | F75: 3 | G75: + | H75: 16 | K75: 17 | P75: 17
B76: Rua Azaléias | C76: 3 | D76: + | E76: 16 | F76: 4 | G76: + | H76: 13 | K76: 17 | P76: 17
B77: Rua Azaléias | C77: 5 | D77: + | E77: 16 | F77: 8 | G77: + | H77: 0 | K77: 44 | P77: 44
B78: Rua Azaléias | C78: 8 | D78: + | E78: 0 | F78: 9 | G78: + | H78: 18 | K78: 38 | P78: 38
B79: Rua Azaléias | C79: 9 | D79: + | E79: 18 | F79: 10 | G79: + | H79: 16 | K79: 18 | P79: 18
B80: Rua Azaléias | C80: 10 | D80: + | E80: 16 | F80: 11 | G80: + | H80: 18 | K80: 22 | P80: 22
B81: Rua Azaléias | C81: 11 | D81: + | E81: 18 | F81: 14 | G81: + | H81: 0 | K81: 42 | P81: 42
B82: Rua B | C82: 200 | D82: + | E82: 11 | F82: 202 | G82: + | H82: 0 | K82: 29 | P82: 29
B83: Rua B | C83: 202 | D83: + | E83: 0 | F83: 203 | G83: + | H83: 15 | K83: 35 | P83: 35
B84: Rua Jasmin | C84: 202 | D84: + | E84: 0 | F84: 300 | H84: 0 | K84: 12 | P84: 12
B85: QUANTIDADE | P85: 333 | Q85: m
A87: 04.02 | B87: Corpo BSTC (greide) diâmetro 0,30 m CA-1 MF inclusive escavação, reaterro e transporte do tubo em Vias Urbanas
B88: Rua Azaléias | C88: 8 | D88: + | E88: 0 | I88: PV-05 | K88: 5 | P88: 5
B89: Rua Azaléias | C89: 8 | D89: + | E89: 0 | I89: PV-05 | K89: 5 | P89: 5
B90: Rua Azaléias | C90: 8 | D90: + | E90: 0 | I90: PV-05 | K90: 3 | P90: 3
B91: Rua Azaléias | C91: 9 | D91: + | E91: 18 | I91: PV-04 | K91: 5 | P91: 5
B92: Rua Azaléias | C92: 9 | D92: + | E92: 18 | I92: PV-04 | K92: 5 | P92: 5
B93: Rua Azaléias | C93: 9 | D93: + | E93: 18 | I93: PV-04 | K93: 3 | P93: 3
B94: Rua Azaléias | C94: 10 | D94: + | E94: 16 | I94: PV-03 | K94: 3 | P94: 3
B95: Rua Azaléias | C95: 10 | D95: + | E95: 16 | I95: PV-03 | K95: 5 | P95: 5
B96: Rua Azaléias | C96: 11 | D96: + | E96: 18 | I96: PV-02 | K96: 7 | P96: 7
B97: Rua Azaléias | C97: 11 | D97: + | E97: 18 | I97: PV-02 | K97: 7 | P97: 7
B98: Rua Azaléias | C98: 11 | D98: + | E98: 18 | I98: PV-02 | K98: 5 | P98: 5
B99: Rua Azaléias | C99: 14 | D99: + | E99: 0 | I99: PV-01 | K99: 3 | P99: 3
B100: Rua Azaléias | C100: 14 | D100: + | E100: 0 | I100: PV-01 | K100: 4 | P100: 4
B101: QUANTIDADE | P101: 60 | Q101: m
A103: 04.03 | B103: Poço de Visita para BSTC diâm. 0,40 m em blocos de concreto, em Vias Urbanas
B104: Rua Azaléias | C104: 1 | D104: + | E104: 6 | J104: 1 | P104: 1
B105: Rua Azaléias | C105: 1 | D105: + | E105: 12 | J105: 1 | P105: 1
B106: Rua Azaléias | C106: 2 | D106: + | E106: 19 | J106: 1 | P106: 1
B107: Rua Azaléias | C107: 3 | D107: + | E107: 16 | J107: 1 | P107: 1
B108: Rua Azaléias | C108: 4 | D108: + | E108: 13 | J108: 1 | P108: 1
B109: Rua Azaléias | C109: 5 | D109: + | E109: 16 | J109: 1 | P109: 1
B110: Rua Azaléias | C110: 8 | D110: + | E110: 0 | J110: 1 | P110: 1
B111: Rua Azaléias | C111: 9 | D111: + | E111: 18 | J111: 1 | P111: 1
B112: Rua Azaléias | C112: 10 | D112: + | E112: 16 | J112: 1 | P112: 1
B113: Rua Azaléias | C113: 11 | D113: + | E113: 18 | J113: 1 | P113: 1
...

Sheet cf
B1: PREFEITURA MUNICIPAL DE JOÃO NEIVA | C1: Consultoria:
B2: CRONOGRAMA FÍSICO-FINANCEIRO
B3: OBRA: BAIRRO IZIDORO DE NARDI
B4: LOCAL: JOÃO NEIVA/ES
B5: ORÇAMENTISTA: KLEBER PEREIRA MACHADO - CREA: ES-7839/D ATUALIZAÇÃO : JEFTER DOS SANTOS LADISLAU - CREA: ES-0043139/D
A6: ITEM | B6: DESCRIÇÃO | D6: VALORES R$ | E6: PERÍODO (MESES) | K6: PERÍODO (MESES)
E7: 1 | F7: 2 | G7: 3 | H7: 4 | I7: 5 | J7: 6 | K7: 7 | L7: 8 | M7: 9 | N7: 10 | O7: 11 | P7: 12
A8: 01 | B8: CANTEIRO DE OBRAS | C8: Físico (%) | D8: =PO!H15 -> 38774.27 | H8: 1
C9: Financeiro (R$) | E9: Período Licitatório | H9: =H8*D8 -> 38774.27 | I9: 0 | J9: 0 | K9: 0 | L9: 0 | M9: 0 | N9: 0 | O9: 0 | P9: 0
A10: 02 | B10: SERVIÇOS PRELIMINARES | C10: Físico (%) | D10: =PO!H20 -> 19073.84 | H10: 1
C11: Financeiro (R$) | E11: Período Licitatório | H11: =H10*D10 -> 19073.84 | I11: 0 | J11: 0 | K11: 0 | L11: 0 | M11: 0 | N11: 0 | O11: 0 | P11: 0
A12: 03 | B12: TERRAPLENAGEM | C12: Físico (%) | D12: =PO!H26 -> 10781.77 | I12: 1
C13: Financeiro (R$) | E13: Período Licitatório | H13: 0 | I13: =I12*D12 -> 10781.77 | J13: 0 | K13: 0 | L13: 0 | M13: 0 | N13: 0 | O13: 0 | P13: 0
A14: 04 | B14: DRENAGEM | C14: Físico (%) | D14: =PO!H36 -> 171608.32 | J14: 0.2 | K14: 0.2 | L14: 0.2 | M14: 0.2 | N14: 0.2
C15: Financeiro (R$) | E15: Período Licitatório | H15: 0 | I15: 0 | J15: =J14*$D$14 -> 34321.664 | K15: =K14*$D$14 -> 34321.664 | L15: =L14*$D$14 -> 34321.664 | M15: =M14*$D$14 -> 34321.664 | N15: =N14*$D$14 -> 34321.664 | O15: 0 | P15: 0
A16: 05 | B16: PAVIMENTAÇÃO | C16: Físico (%) | D16: =PO!H45 -> 536857.53 | L16: 0.2 | M16: 0.2 | N16: 0.2 | O16: 0.2 | P16: 0.2
C17: Financeiro (R$) | H17: 0 | I17: 0 | J17: 0 | K17: 0 | L17: =L16*$D$16 -> 107371.51 | M17: =M16*$D$16 -> 107371.51 | N17: =N16*$D$16 -> 107371.51 | O17: =O16*$D$16 -> 107371.51 | P17: =P16*$D$16 -> 107371.51
A18: 06 | B18: SINALIZAÇÃO | C18: Físico (%) | D18: =PO!H49 -> 1863.53 | E18: Período Licitatório | P18: 1
C19: Financeiro (R$) | H19: 0 | I19: 0 | J19: 0 | K19: 0 | L19: 0 | M19: 0 | N19: 0 | O19: 0 | P19: =P18*D18 -> 1863.53
B20: Total Parcial (%) | H20: =H22/$D$22 -> 0.074263332 | I20: =I22/$D$22 -> 0.01384125 | J20: =J22/$D$22 -> 0.044060923 | K20: =K22/$D$22 -> 0.044060923 | L20: =L22/$D$22 -> 0.18190062 | M20: =M22/$D$22 -> 0.18190062 | N20: =N22/$D$22 -> 0.18190062 | O20: =O22/$D$22 -> 0.13783969 | P20: =P22/$D$22 -> 0.14023203
B21: Total Acumulado (%) | H21: =H20 -> 0.074263332 | I21: =H21+I20 -> 0.088104582 | J21: =I21+J20 -> 0.13216551 | K21: =J21+K20 -> 0.17622643 | L21: =K21+L20 -> 0.35812705 | M21: =L21+M20 -> 0.54002766 | N21: =M21+N20 -> 0.72192828 | O21: =N21+O20 -> 0.85976797 | P21: =O21+P20 -> 1
B22: Total Financeiro (R$) | D22: =PO!H51 -> 778959.26 | H22: =H11+H13+H15+H17+H19+H9 -> 57848.11 | I22: =I11+I13+I15+I17+I19+I9 -> 10781.77 | J22: =J11+J13+J15+J17+J19+J9 -> 34321.664 | K22: =K11+K13+K15+K17+K19+K9 -> 34321.664 | L22: =L11+L13+L15+L17+L19+L9 -> 141693.17 | M22: =M11+M13+M15+M17+M19+M9 -> 141693.17 | N22: =N11+N13+N15+N17+N19+N9 -> 141693.17 | O22: =O11+O13+O15+O17+O19+O9 -> 107371.51 | P22: =P11+P13+P15+P17+P19+P9 -> 109235.04
B23: Total Acumulado (R$) | H23: =H22 -> 57848.11 | I23: =H23+I22 -> 68629.88 | J23: =I23+J22 -> 102951.54 | K23: =J23+K22 -> 137273.21 | L23: =K23+L22 -> 278966.38 | M23: =L23+M22 -> 420659.55 | N23: =M23+N22 -> 562352.72 | O23: =N23+O22 -> 669724.22 | P23: =O23+P22 -> 778959.26

Sheet DRE-01
E1: COMPOSIÇÃO ANALÍTICA DE PREÇO UNITÁRIO DRE-01 | I1: Data-base:
I3: 43374
A5: ORÇAMENTISTA: | C5: Kleber Pereira Machado - CREA: ES-7839/D ATUALIZAÇÃO : Jefter dos Santos Ladislau - CREA: ES-0043139/D
A6: SERVIÇO: | C6: Trincheira drenante em concreto armado , incluíndo Grelha em ferro fundido , escavação e reaterro
A7: UNDIDADE: | C7: m
A9: MÃO-DE-OBRA
A10: CÓDIGO | B10: ORGÃO | C10: DESCRIÇÃO | F10: UND | G10: COEF | H10: R$ UNIT | I10: R$ PARCIAL
A16: TOTAL A | I16: 0
A18: MATERIAIS/ SERVIÇOS
A19: CÓDIGO | B19: ORGÃO | C19: DESCRIÇÃO | F19: UND | G19: COEF | H19: R$ UNIT | I19: R$ PARCIAL
A20: 42992 | B20: DER-ES | C20: Formas planas de madeira com 02 (dois) reaproveitamentos, inclusive fornecimento e transporte das madeiras, em Vias Urbanas | F20: m² | G20: 3.68 | H20: 101.43 | I20: =ROUND(G20*H20,2) -> 373.26
A21: 40376 | B21: DER-ES | C21: Aço CA-50, fornecimento, dobragem e colocação nas formas (preço médio das bitolas) | D21: Tubo de Concreto D=0.40M-Armado CA-2 | E21: Tubo de Concreto D=0.40M-Armado CA-2 | F21: kg | G21: 10.93 | H21: 9.85 | I21: =ROUND(G21*H21,2) -> 107.66
A22: 42720 | B22: DER-ES | C22: Concreto estrutural fck -> 30,0 MPa em Vias Urbanas | F22: m³ | G22: 0.4 | H22: 686.7 | I22: =ROUND(G22*H22,2) -> 274.68
A23: 10782 | B23: DER-ES | C23: Grelha articulada, inclusive caixilho em ferro fundido | F23: cj | G23: 1 | H23: 361.63 | I23: =ROUND(G23*H23,2) -> 361.63
A24: 42960 | B24: DER-ES | C24: Escavação mecânica em material de 1ª cat. H-> 0,00 a 1,50 m, em Vias Urbanas | F24: m³ | G24: 1.08 | H24: 13.74 | I24: =ROUND(G24*H24,2) -> 14.84
A25: 43059 | B25: DER-ES | C25: Reaterro de cavas c/ compactação mecânica (compactador manual), em Vias Urbanas | F25: m³ | G25: 0.4 | H25: 43.8 | I25: =ROUND(G25*H25,2) -> 17.52
A29: TOTAL B | I29: =SUM(I20:I25) -> 1149.59
A31: RESUMO
A32: TOTAL A | I32: 0
A33: TOTAL B | I33: =I29 -> 1149.59
A34: TOTAL C ( TOTAL A X LEIS SOCIAIS) | I34: 0
A35: TOTAL D (A+B) | I35: =I33 -> 1149.59
A36: TOTAL E (BDI 29,63%) | I36: =I35+(I23*0.2963) -> 1256.741
A37: PREÇO DE VENDA | I37: =I36 -> 1256.741
